 Dungeon Crawl Stone Soup version 0.30-a0-715-gdb4ae3ece1 (webtiles) character file.

Game seed: 1199570566504309204

53 Shayle the Conjurer (level 3, 0/18 (28) HPs)
             Began as a Demonspawn Reaver on Jan 24, 2023.
             Slain by Terence
             ... wielding a +0 morningstar
              (1 damage)
             ... on level 2 of the Dungeon.
             The game lasted 00:04:30 (1039 turns).

Shayle the Conjurer (Demonspawn Reaver)             Turns: 1039, Time: 00:04:31

HP:   0/18 (28)     AC:  3    Str: 12    XL:     3   Next: 62%
MP:   5/6           EV: 11    Int: 16    God:
Gold: 139           SH:  4    Dex: 11    Spells: 5/6 levels left

rFire   + . .      SeeInvis .    a - +0 spear
rCold   . . .      Faith    .    (no shield)
rNeg    . . .      Spirit   .    j - +0 leather armour {rF+}
rPois   .          Reflect  .    (helmet restricted)
rElec   .          Harm     .    (no cloak)
rCorr   .          Rampage  .    (no gloves)
Will    .....      Clarity  +    (no boots)
Stlth   +                        (no amulet)
HPRegen 0.23/turn                (no ring)
MPRegen 0.10/turn                (no ring)

@: flying, very heavily drained
A: antennae 1, large bone plates 1, clarity, MP-powered wands
a: no special abilities


You were on level 2 of the Dungeon.
You visited 1 branch of the dungeon, and saw 2 of its levels.

You collected 139 gold pieces.

Inventory:

Hand Weapons
 a - a +0 spear (weapon)
Armour
 b - a +0 leather armour
 j - a +0 leather armour of fire resistance (worn)
Wands
 k - a wand of charming (3)
Scrolls
 c - a scroll of identify
 e - a scroll of fog {unknown}
 f - 2 scrolls of noise
 i - 2 scrolls of blinking {unknown}
Potions
 h - a potion of mutation


   Skills:
 + Level 2.6 Fighting
 - Level 2.6 Polearms
 + Level 2.3 Dodging
 + Level 1.4 Stealth
 - Level 2.0 Spellcasting
 - Level 3.0 Conjurations
 + Level 1.3 Hexes


You had 5 spell levels left.
You knew the following spells:

 Your Spells              Type           Power      Damage    Failure   Level
a - Kiss of Death         Conj/Necr      24%        2d7       14%         1

Your spell library contained the following spells:

 Spells                   Type           Power      Damage    Failure   Level
 Momentum Strike          Conj/Tloc      12%        3d8       22%         2
 Hailstorm                Conj/Ice       6%         3d4       38%         3
 Confusing Touch          Hex            5%         N/A       41%         3
 Dispel Undead            Necr           1%         3d6       95%         4


Dungeon Overview and Level Annotations

Branches:
Dungeon (2/15)

Altars:

Annotations:
D:2 Terence


Innate Abilities, Weirdness & Mutations

You have a pair of small antennae on your head.
You are partially covered in large bone plates. (SH +4)
You possess an exceptional clarity of mind.
You expend magic power (3 MP) to strengthen your wands.


Message History

Terence hits you with a +0 morningstar.
You hit Terence but do no damage.
Terence is lightly wounded.
You block Terence's attack.
You hit Terence but do no damage.
Terence is lightly wounded.
You block Terence's attack.
You hit Terence but do no damage.
Terence is lightly wounded.
Terence closely misses you.
You hit Terence but do no damage.
Terence is lightly wounded.
Terence hits you with a +0 morningstar.
Casting: Kiss of Death (safe; 14% risk of failure)
Confirm with . or Enter, or press ? or * to list all spells.
Aiming: Kiss of Death (safe; 14% risk of failure)
Press: ? - help, Shift-Dir - straight line, f/p - Terence
Aim: Terence, wielding a +0 morningstar and wearing a +0 chain mail (lightly wounded, heavily drained, 100% to hit)
The negative energy hits Terence.
Terence is drained!
Terence is moderately wounded.
You feel drained. Terence hits you with a +0 morningstar.
* * * LOW HITPOINT WARNING * * *
It was a potion of cancellation.
You feel magically purged. Terence hits you but does no damage.
It was a potion of flight.
You feel very buoyant.
You fly up into the air.
You block Terence's attack.
Really quaff the potion of mutation?
You feel extremely strange.
You feel your magical essence link to the dungeon's wands.
Your thoughts seem clearer.
You block Terence's attack.
You hit Terence but do no damage.
Terence is moderately wounded.
Terence hits you with a +0 morningstar.
* * * LOW HITPOINT WARNING * * *
You hit Terence.
Terence is heavily wounded.
Terence hits you with a +0 morningstar.
You die...

#.....# #.....# .# #.###.#
##########.. ##.###.# #.........#
..†.##.# ##### #.........#
###†##.# #...# #.........#####
#†##.# #...# #..............
###.##.####...#####..............
(...##....'...'.@@.......$.......
.....######...#####..............
......# #...# #..............
......# #...# #.#############
......# ##### #.# ......# #.#
.....## #.# ....## #.# .####


You could see Terence (very drained).

Vanquished Creatures
  2 adders (D:2)
  5 ball pythons
  4 bats (D:1)
  4 endoplasms
  10 giant cockroaches
  2 hobgoblins (D:1)
  A frilled lizard (D:1)
  A kobold (D:1)
  2 rats (D:1)
31 creatures vanquished.

Notes
Turn   | Place    | Note
-------+----------+-------------------------------------------
     0 | D:1      | Shayle the Demonspawn Reaver began the quest for the Orb.
     0 | D:1      | Reached XP level 1. HP: 16/16 MP: 3/3
   194 | D:1      | Gained mutation: You are partially covered in large bone
                  | plates. (SH +4) [demonic ancestry]
   194 | D:1      | Reached XP level 2. HP: 21/22 MP: 5/5
   653 | D:2      | Reached skill level 1 in Stealth
   653 | D:2      | Reached skill level 1 in Hexes
   786 | D:2      | Gained mutation: You have a pair of small antennae on your
                  | head. [demonic ancestry]
   786 | D:2      | Reached XP level 3. HP: 28/28 MP: 6/6
  1012 | D:2      | Noticed Terence
  1037 | D:2      | Gained mutation: You expend magic power (3 MP) to
                  | strengthen your wands. [potion of mutation]
  1037 | D:2      | Gained mutation: You possess an exceptional clarity of
                  | mind. [potion of mutation]
  1039 | D:2      | Slain by Terence

Illustrated notes

Levels and vault maps discovered:
D:1:      mainiacjoe_arrival_reflecting_pool, layout_rooms
D:2:      minmay_roachtagon, layout_basic, uniq_terence

Skill      XL: |  1  2 |
---------------+-------+-----
Dodging        | 2 |  2.3
Stealth        | 1 |  1.4
Hexes          | 1 |  1.3
Fighting       | |  2.6
Polearms       | |  2.6
Spellcasting   | |  2.0
Conjurations   | |  3.0

Action                     || total
---------------------------++-------
  Melee: Spear             ||   182
         Punch             ||     1
   Cast: Kiss of Death     ||     2
    Use: Scroll            ||     2
         Potion            ||     3
   Stab: Sleeping          ||     1
 Armour: Leather armour    ||    60
  Dodge: Dodged            ||   107
  Block: Other             ||    31

Table legend: (Time is in decaauts)
 A = Elapsed time spent in this place.
 B = Non-inter-level travel time spent in this place.
 C = Inter-level travel time spent in this place.
 D = Time resting spent in this place.
 E = Time spent auto-exploring this place.
 F = Levels seen in this place.
 G = Mean time per level.
                   A        B        C        D        E       F      G
               +--------+--------+--------+--------+--------+-----+--------+
         Total |   1033 |   1000 |     33 |    107 |    474 |   2 |  516.5 |
       Dungeon |   1033 |   1000 |     33 |    107 |    474 |   2 |  516.5 |
               +--------+--------+--------+--------+--------+-----+--------+

Top non-repeatable levels by time:
     D:1: 622 daAuts
     D:2: 411 daAuts
